AoeStats
← Blyad _Mann

Black Forest

509063702Analyzed
4v4 RM · 7d ago on Sep 25, 2026· 66m 13s· 8 players
Game mode
Random Map
Map size
Large (8 player)
Population
200
Speed
Normal
Resources
Standard
Victory
Conquest
Starting age
Dark Age
Ending age
Imperial Age
RankedLock teamsTeams togetherTeam positionsShared explorationLock speedFull tech treeHidden civsTurbo modeCheats
Victory
Defeat
🇳🇱 Varangians · Netherlands
973
+12
🇹🇷 Turks · Türkiye
924
+14
🇲🇦 Aztecs · Morocco
907
+14
🇭🇰 Shu · Hong Kong SAR China
877
+15
🇺🇸 Britons · United States
922
-15
🇮🇳 Persians · India
865
-39
🇭🇺 Khitans · Hungary
854
-13
🇯🇵 Teutons · Japan
840
-13
KarasukWarrior
13:36 Feudal Age
17:36 Castle Age
15:58 Double-Bit Axe
22:22 Imperial Age
21:52 Padded Archer Armor
32:35 Leather Archer Armor
42:14 Ring Archer Armor
61:00 Conscription
60:04 Elite Janissary
Blyad _Mann
0:28 Loom
13:03 Feudal Age
14:43 Double-Bit Axe
14:42 Horse Collar
20:53 Castle Age
18:49 Gold Mining
22:36 Stone Mining
22:54 Heavy Plow
24:19 Scale Barding Armor
24:24 Forging
24:32 Bow Saw
27:32 Wheelbarrow
27:18 Squires
30:10 Scale Mail Armor
31:08 Iron Casting
31:59 Hand Cart
33:49 Husbandry
33:10 Light Cavalry
34:00 Bloodlines
34:48 Chain Barding Armor
34:30 Scale Mail Armor
35:16 Stone Shaft Mining
36:06 Caravan
39:20 Imperial Age
40:20 Vendel Legacy
40:54 Cavalier
43:57 Conscription
45:28 Blast Furnace
45:05 Plate Barding Armor
46:01 Guilds
45:49 Hussar
nyx
0:31 Loom
17:21 Feudal Age
21:47 Castle Age
33:27 Horse Collar
33:34 Double-Bit Axe
35:51 Heavy Plow
37:36 Wheelbarrow
41:43 Imperial Age
40:12 Hand Cart
41:07 Sanctity
42:39 Gold Mining
43:59 Theocracy
46:29 Gold Shaft Mining
46:11 Capped Ram
47:30 Siege Ram
48:28 Onager
50:42 Chemistry
ccpui1203
2:03 Loom
11:43 Feudal Age
12:55 Double-Bit Axe
12:55 Horse Collar
15:52 Castle Age
16:18 Fletching
16:28 Padded Archer Armor
17:32 Bow Saw
19:41 Crossbowman
21:57 Bodkin Arrow
24:35 Wheelbarrow
25:59 Squires
27:27 Heavy Plow
33:06 Imperial Age
31:27 Leather Archer Armor
31:31 Stone Mining
32:33 Forging
33:07 Treadmill Crane
33:20 Heated Shot
34:07 Gold Mining
35:20 Two-Man Saw
35:27 Chemistry
34:29 Bracer
35:00 Ring Archer Armor
36:11 Thumb Ring
36:11 Scale Mail Armor
37:00 Gold Shaft Mining
37:47 Chain Mail Armor
37:39 Bolt Magazine
39:08 Conscription
39:26 Hand Cart
38:58 Town Watch
40:07 Plate Mail Armor
39:05 Arbalester
39:37 Arson
41:20 Coiled Serpent Array
40:43 Pikeman
41:33 Halberdier
42:38 Town Patrol
43:04 Ballistics
42:30 Arrowslits
42:56 Masonry
42:43 Murder Holes
50:30 Hoardings
52:11 Guilds
52:31 Coinage
52:02 Caravan
53:13 Elite White Feather Guard
59:56 Banking
anaorh99
12:59 Feudal Age
16:57 Castle Age
15:01 Double-Bit Axe
14:59 Horse Collar
16:58 Scale Barding Armor
17:05 Forging
16:51 Gold Mining
20:58 Loom
21:44 Chain Barding Armor
21:59 Iron Casting
21:42 Heavy Plow
23:19 Bloodlines
28:20 Stone Mining
29:28 Bow Saw
30:38 Wheelbarrow
29:51 Town Watch
34:06 Stone Shaft Mining
35:11 Hand Cart
34:56 Town Patrol
40:25 Imperial Age
40:33 Cavalier
42:35 Two-Man Saw
42:09 Crop Rotation
42:02 Paladin
43:17 Crenellations
43:27 Conscription
45:39 Plate Barding Armor
46:04 Blast Furnace
ShrouD
13:01 Feudal Age
16:41 Horse Collar
19:42 Wheelbarrow
20:20 Town Watch
26:38 Castle Age
27:20 Hand Cart
28:29 Loom
30:07 Padded Archer Armor
31:08 Town Patrol
31:20 Scale Barding Armor
31:53 Caravan
31:59 Scale Mail Armor
32:15 Leather Archer Armor
32:13 Forging
31:54 Fletching
32:27 Chain Barding Armor
39:07 Imperial Age
38:39 Bodkin Arrow
39:01 Chain Mail Armor
39:23 Iron Casting
40:23 Citadels
45:02 Plate Barding Armor
45:20 Heavy Plow
45:24 Elite War Elephant
48:55 Crop Rotation
58:03 Heavy Camel Rider
HEAVY BACK DAY
8:36 Loom
12:13 Feudal Age
14:02 Double-Bit Axe
21:16 Fletching
21:37 Forging
23:35 Castle Age
22:01 Padded Archer Armor
22:07 Scale Barding Armor
25:12 Bow Saw
24:54 Gold Mining
24:54 Stone Mining
26:45 Heavy Cavalry Archer
29:18 Ballistics
32:31 Elite Skirmisher
37:37 Imperial Age
35:24 Husbandry
34:46 Light Cavalry
36:34 Bodkin Arrow
37:15 Iron Casting
41:26 Chemistry
43:18 Bracer
42:47 Hussar
46:36 Parthian Tactics
47:25 Wheelbarrow
47:11 Leather Archer Armor
47:16 Chain Barding Armor
48:50 Hand Cart
53:41 Elite Fire Lancer
dean
7:53 Loom
10:42 Feudal Age
13:03 Fletching
21:22 Castle Age
20:36 Double-Bit Axe
22:13 Crossbowman
23:12 Bodkin Arrow
24:12 Horse Collar
27:18 Gold Mining
27:21 Stone Mining
28:50 Bow Saw
32:10 Wheelbarrow
35:57 Imperial Age
34:29 Padded Archer Armor
36:02 Elite Longbowman
36:56 Bracer
38:08 Ballistics
38:19 Yeomen
38:21 Conscription
39:51 Chemistry
40:45 Heavy Plow
42:35 Warwolf
44:13 Siege Engineers
43:52 Treadmill Crane
46:58 Leather Archer Armor
49:45 Warwolf
54:58 Gold Shaft Mining
55:26 Masonry
55:12 Murder Holes
55:51 Hand Cart
55:21 Town Watch
Connection lost

Rejoining the realm…

Still unreachable

The connection could not be restored.

Session expired

The server has moved on; the page needs a fresh start.